[Event "*** Titled Tuesday Blitz"]
[Site "Chess.com"]
[Date "2020.02.04"]
[Round "8"]
[White "EugeneRougon"]
[Black "bait_or_mate"]
[Result "1-0"]
[WhiteElo "2722"]
[BlackElo "2537"]
[TimeControl "180+2"]
[EndTime "14:55:54 PST"]
[Termination "EugeneRougon won by resignation"]

1. e4 c5 2. Nf3 e6 3. g3 Nc6 4.
Bg2 d5 5. exd5 exd5 6. O-O Bd6 7. d4 Nge7 8. Be3 cxd4 9. Nxd4 O-O 10. Nc3 Be5 11. Qd2 Bg4 12. h3 Bh5 13. f4 Bxd4 14. Bxd4 Nxd4 15. Qxd4 Bg6 16. g4 Bxc2 17. Rf2 Be4 18.
Nxe4 dxe4 19. Qxd8 Rfxd8 20. Bxe4 Rd7 21. Rc1 Rad8 22.
Rfc2 h6 23. Rc7 Kf8 24. Bxb7 Rd1+ 25. Kf2 R8d2+ 26. Ke3 Rxc1 27. Rxc1 Rxb2 28. Bf3 Rxa2 29. Rb1 g6 30. Rb8+ Kg7 31. Rb7 Ra3+ 32. Kf2 Kf6 33. h4 Ke6 34. Rb8 a5 35. Rb6+ Kd7 36. Rb7+ Kd6 37.
Rb6+ Kc5 38. Rf6 Nd5 39. Rxf7 a4 40. Ra7 Nxf4 41. Be4 g5 42. hxg5 hxg5 43. Rg7 Kd4 44. Bf5 Ra2+ 45. Kf3 Nh3 46. Rd7+ Ke5 47. Re7+ Kd4 48.
Rd7+ Kc5 49. Rc7+ Kb6 50. Rg7 a3 51. Kg3 Ng1 52. Rxg5 Rb2 53. Rg6+ Kc5 54. Ra6 a2 55. Be6 Ne2+ 56. Kh4 Nc3 57. g5 Rg2 58. Kh5 Kb4 59. g6 Na4 60. Bxa2 Rxa2 61. g7 Rg2 62. Rg6 Rh2+ 63. Kg5 Rg2+ 64. Kf6 Rf2+ 65. Ke7 Re2+ 66. Kf7 Rf2+ 67. Ke7 Re2+ 68. Kd8 Rd2+ 69. Kc8 Nb6+ 70. Kc7 Rd7+ 71. Kxb6 1-0

[Event "*** Titled Tuesday Blitz"]
[Site "Chess.com"]
[Date "2020.02.04"]
[Round "8"]
[White "Abund"]
[Black "Kira170"]
[Result "0-1"]
[WhiteElo "2704"]
[BlackElo "2544"]
[TimeControl "180+2"]
[EndTime "14:56:06 PST"]
[Termination "Kira170 won by resignation"]

1. Nf3 Nf6 2. c4 e6 3. Nc3 d5 4. d4 c6 5. e3 Nbd7 6. Qc2 Bd6 7. b3 O-O 8. Bd3 e5 9. cxd5 cxd5 10. Nb5 Bb8 11. dxe5 Nxe5 12. Nxe5 Bxe5 13. Bb2 Bxb2 14. Qxb2 a6 15. Nd4 Ne4 16. Bxe4 dxe4 17. O-O Qg5 18. Kh1 Bg4 19. Rac1 Rac8 20. Rxc8 Rxc8 21. Rc1 Rd8 22. b4 h5 23. Rc5 Qg6 24. Qc2 h4 25. h3 Bd7 26. Re5 Qd6 27. Qxe4 Qxb4 28. Qxh4 Rc8 29.
Rh5 f6 30. Rh8+ Kf7 31. Qh5+ Ke7 32. Rxc8 Bxc8 33. Kh2 Qc4 34. Qh8 Kf7 35. Qh5+ Ke7 36. a3 Bd7 37. Qh8 Kf7 38. Qd8 Qd5 39. Qb6 Qe5+ 40. Kg1 Qe4 41. Qc7 Qd5 42. Qb6 Qe4 43. Qd6 Ke8 44. Qb8+ Ke7 45. Qg8 Qg6 46. Qd5 Qb1+ 47.
Kh2 Qb6 48. f4 Qd6 49. Qe4+ Kd8 50. Qxb7 Qxa3 51. Qb8+ Ke7 52. Qa7 Ke8 53. Qb8+ Ke7 54.
Qb6 Qd6 55. Qa5 Kf7 56. Nb3 Bb5 57. Nd4 Bd7 58. Qa2+ Ke8 59. Qg8+ Qf8 60. Qd5 Qa3 61. e4 a5 62. e5 fxe5 63. fxe5 Qe7 64. e6 Bc8 65. Qc6+ Kd8 66. Qb6+ Qc7+ 67. Qxc7+ Kxc7 68. Kg3 Kd6 69. Nf5+ Kxe6 70. Nxg7+ Ke5 71. Kf2 a4 72. Nf5 Bxf5 73. Ke3 a3 74. Kd2 a2 75. g4 a1=Q 76.
gxf5 Kxf5 0-1

[Event "*** Titled Tuesday Blitz"]
[Site "Chess.com"]
[Date "2020.02.04"]
[Round "8"]
[White "AnnaChessLook"]
[Black "HouseOfDurin"]
[Result "1/2-1/2"]
[WhiteElo "2231"]
[BlackElo "2101"]
[TimeControl "180+2"]
[EndTime "14:56:10 PST"]
[Termination "Game drawn by repetition"]

1. Nf3 c5 2. g3 Nc6 3. Bg2 g6 4. O-O Bg7 5. c4 e5 6. d3 Nge7 7. Nc3 O-O 8. Ne1 d6 9. Nc2 Be6 10. Ne3 h6 11. Rb1 f5 12. a3 a5 13. Ned5 Kh7 14.
Bd2 Rb8 15. Qa4 b6 16. Nxe7 Nxe7 17. b4 axb4 18. axb4 d5 19. cxd5 Nxd5 20. bxc5 Nxc3 21.
Bxc3 bxc5 22. Qc6 Qc8 23. Qd6 Rxb1 24. Rxb1 Rd8 25. Qb6 c4 26. Ba5 Re8 27. Bb7 Qb8 28. dxc4 Bxc4 29. Qc5 Bxe2 30. Bc7 Rc8 31. Bxe5 Rxc5 32.
Bxb8 Bd3 33. Rd1 Rb5 34. Rxd3 Rxb7 35. Bf4 Rf7 36. Kg2 g5 37. Bd6 Kg6 38. Bb4 Bf6 39. Rd6 Kg7 40. Ra6 Rd7 41. Bc5 Rf7 42. Be3 Rd7 43. Ra5 Kg6 44. Ra6 Kg7 45. Re6 Bd4 46.
Bxd4+ Rxd4 47. Re7+ Kf6 48. Re8 g4 49. Rf8+ Kg6 50.
Ra8 Rd6 51. Rg8+ Kf6 52. Rh8 Kg7 53. Re8 h5 54. h3 Kg6 55. hxg4 hxg4 56. Rg8+ Kf7 57.
Rh8 Rd2 58. Rh7+ Kg6 59. Rb7 Kf6 60. Rb6+ Ke5 61. Rb5+ Ke4 62. Rb4+ Rd4 63. Rb8 Rd5 64.
Re8+ Re5 65. Rb8 Rd5 66. Re8+ Re5 67. Rc8 Kd4 68. Rd8+ Ke4 69. Ra8 Kd3 70. Ra3+ Ke2 71. Ra2+ Ke1 72. Ra1+ Kd2 73. Ra4 Kd3 74. Rf4 Kd2 75. Rd4+ Kc3 76. Rf4 Kd3 77. Ra4 Kd2 78. Ra2+ Kd3 79. Ra3+ Kd2 80. Ra2+ Kd3 81. Ra3+ 1/2-1/2

[Event "*** Titled Tuesday Blitz"]
[Site "Chess.com"]
[Date "2020.02.04"]
[Round "8"]
[White "Sanan_Sjugirov"]
[Black "kleinebeer98"]
[Result "1-0"]
[WhiteElo "2848"]
[BlackElo "2717"]
[TimeControl "180+2"]
[EndTime "14:56:39 PST"]
[Termination "Sanan_Sjugirov won by checkmate"]

1. e4 e5 2. Nf3 Nc6 3. Bb5 f5 4. d3 fxe4 5. dxe4 Nf6 6. O-O d6 7. Qd3 Be7 8. Qc4 Bg4 9. Ng5 Rf8 10. Bxc6+ bxc6 11. Qxc6+ Bd7 12. Qc4 Qc8 13. Nc3 h6 14. Nf3 c6 15. Be3 Be6 16. Qa4 Kf7 17. Ne2 Bg4 18. Ng3 Kg8 19. Nh4 Kh7 20. Nhf5 Qe6 21. f3 Bxf5 22. Nxf5 Rfb8 23. b3 d5 24. c3 Bf8 25.
Rad1 a5 26. Ng3 d4 27. cxd4 Rb4 28. Qa3 a4 29. dxe5 Rxe4 30. Qc1 Rxe5 31. Bd4 Rd5 32. Rfe1 Qf7 33. Qxc6 Rad8 34. Qc2+ Qg6 35. Qc4 Bc5 36. Ne2 axb3 37. axb3 Ba7 38. Kf1 Bxd4 39. Rxd4 Rxd4 40. Nxd4 Nh5 41. Ne6 Re8 42. Qe4 Qxe4 43. Rxe4 Ra8 44. b4 Nf6 45. Re2 Ra1+ 46. Kf2 Rb1 47. Rc2 Rxb4 48.
Rc7 Rb2+ 49. Kg3 Kg6 50. Rxg7+ Kf5 51. Nd4+ Ke5 52. Nc6+ Kf5 53. Kh3 h5 54. Nd4+ Ke5 55. Nc6+ Kf5 56. Nd4+ Ke5 57. Rf7 Nd5 58. Nc6+ Ke6 59.
Rf8 Rb6 60. Nd4+ Ke5 61. Ne2 Rb2 62. Re8+ Kf5 63. Kg3 Nf6 64. Nd4+ Kg6 65. Re5 Rd2 66.
Ne6 Ra2 67. Nf4+ Kh6 68. Re6 Kg5 69. Re5+ Kh6 70. h4 Ra3 71. Re6 Kg7 72. Re7+ Kh6 73. Re6 Kg7 74. Kh3 Ra1 75. Re7+ Kh6 76. Re5 Ra3 77. Rf5 Kg7 78. Nxh5+ Kg6 79. Rxf6+ Kxh5 80. g4# 1-0

[Event "*** Titled Tuesday Blitz"]
[Site "Chess.com"]
[Date "2020.02.04"]
[Round "8"]
[White "Everyfishknows"]
[Black "arjwezhrtdrz"]
[Result "1/2-1/2"]
[WhiteElo "2316"]
[BlackElo "2242"]
[TimeControl "180+2"]
[EndTime "14:57:02 PST"]
[Termination "Game drawn by agreement"]

1. Nf3 d6 2. d4 c6 3. e4 Nf6 4. Bd3 Bg4 5. Nbd2 Nbd7 6. h3 Bxf3 7. Nxf3 e5 8. c3 Be7 9. O-O O-O 10. Re1 Qc7 11. Bg5 Rfe8 12. Qb3 Nf8 13. Bc4 Bd8 14.
a4 Ng6 15. Rad1 Rf8 16. g3 a5 17. h4 Nd7 18. h5 Ne7 19. Nh4 Nb6 20. Bd3 h6 21. Bc1 Kh7 22. Qc2 Nd7 23. Qe2 Nf6 24. Qf3 Qc8 25. Bf1 Qg4 26. Qxg4 Nxg4 27. Bh3 Nf6 28.
dxe5 dxe5 29. b3 b6 30. Ba3 c5 31. Nf5 Nxf5 32. Bxf5+ Kg8 33. g4 Be7 34. c4 Rfd8 35. Bb2 Bd6 36. Rd3 Bc7 37. Red1 Rxd3 38. Rxd3 Kf8 39.
f3 Ke7 40. Kf2 Rd8 41. Rxd8 Kxd8 42. Ke3 Ke7 43. Bc1 Ne8 44. Kd3 f6 45. Bg6 Nd6 46.
Be3 Nc8 47. Bf5 Na7 48. Bg6 Nc6 49. Bf5 Nd4 50. Bxd4 cxd4 51. Bg6 Kd6 52. Be8 Kc5 53. Kc2 Kb4 54. Bd7 d3+ 55. Kxd3 Kxb3 56. Bb5 Kb4 57. Bc6 Bd6 58. Bb5 Bc5 59. Bc6 Ka3 60. Kc2 Bd4 61.
Kd3 Kb2 62. Bb5 Kc1 63. Ke2 Kc2 64. Bc6 Kc3 65. Bb5 Bc5 66. Ba6 Bd4 67. Bb5 Kb4 68.
Kd3 Kb3 69. Bc6 Bc5 70. Bb5 Kb2 71. Kd2 Bb4+ 72. Kd3 Kc1 73. Ke2 Ba3 74. Bc6 Bb2 75.
Bb5 Kc2 76. Bc6 Bc1 77. Bb5 Bf4 78. Bc6 Kc3 79. Bb5 Kb4 80. Kd3 Bg5 81. Bc6 Kc5 82. Bb5 Kd6 83. Ba6 Bc1 84. Bb5 Ba3 85. Ba6 Bc5 86. Bb5 Ke7 87. Ba6 Kf7 88. Bb5 g6 89. Ba6 gxh5 90. gxh5 f5 91. exf5 Kf6 92. Ke4 Bb4 93.
f4 exf4 94. Kxf4 Bd2+ 95. Kg4 Ke5 96. Bb5 Bg5 97. Bc6 Bd2 98. Bb5 Bg5 99. Bd7 Bd2 100.
Be6 Bg5 101. Kf3 Bc1 102. Ke2 Ba3 103. Kd3 Bc5 104. Ke2 Kf6 105. Kf3 Bb4 106. Kg4 Bc5 107. Bd5 1/2-1/2

[Event "*** Titled Tuesday Blitz"]
[Site "Chess.com"]
[Date "2020.02.04"]
[Round "8"]
[White "DanielDardha2005"]
[Black "SantoBlue"]
[Result "1-0"]
[WhiteElo "2697"]
[BlackElo "2816"]
[TimeControl "180+2"]
[EndTime "14:57:47 PST"]
[Termination "DanielDardha2005 won by checkmate"]

1. Nf3 d5 2. g3 c5 3. Bg2 Nc6 4. d4 Nf6 5. O-O e6 6. c4 Be7 7. cxd5 exd5 8. dxc5 Bxc5 9. Nc3 O-O 10. Bg5 Be6 11.
Bxf6 Qxf6 12. Nxd5 Qxb2 13. Nc7 Rad8 14. Qc1 Qxc1 15. Raxc1 Bb6 16. Nxe6 fxe6 17. Rfd1 Rxd1+ 18. Rxd1 Rd8 19. Rxd8+ Bxd8 20. e3 Bf6 21. Bf1 Kf8 22. Bd3 h6 23. Kf1 Ke7 24. Ke2 Kd6 25. Nd2 Kc5 26.
Bc4 e5 27. Kd3 b5 28. Ne4+ Kb6 29. Be6 Be7 30. h4 a5 31. h5 a4 32. Kc2 Nb4+ 33.
Kc3 Na6 34. g4 Bb4+ 35. Kc2 Be7 36. f4 exf4 37. exf4 Nb4+ 38. Kd2 Nc6 39. g5 Nd4 40. gxh6 gxh6 41. Bg4 b4 42. f5 b3 43. axb3 Bb4+ 44. Kc1 Ba3+ 45. Kb1 axb3 46. f6 Kc6 47. Bd1 Kd5 48. Nd2 b2 49. f7 Nb5 50. Bf3+ Ke6 51. Ne4 Kxf7 52. Be2 Nd4 53. Bc4+ Ke7 54. Ka2 Nf5 55.
Bd3 Ne3 56. Kxa3 Nd5 57. Ng3 Nf4 58. Bc2 Kf6 59. Kxb2 Kg5 60. Bd1 Kh4 61. Nf5+ Kg5 62. Ng7 Kf6 63. Ne8+ Kg5 64. Nd6 Nxh5 65. Kc3 Ng3 66. Kd4 Kf4 67. Nc4 h5 68. Ne5 h4 69.
Nd3+ Kg5 70. Ke3 h3 71. Ne5 Nf1+ 72. Kf2 Kf4 73. Nd3+ Ke4 74. Nc5+ Kd4 75. Nb3+ Kd3 76. Kxf1 h2 77. Kg2 h1=Q+ 78. Kxh1 Kc3 79. Kg2 Kd3 80. Kf2 Kc3 81. Ke3 Kc4 82. Kd2 Kb4 83. Kd3 Kb5 84. Kc3 Kc6 85. Kd4 Kd6 86. Nc5 Ke7 87.
Ke5 Kf7 88. Ne6 Kg6 89. Bc2+ Kf7 90. Bf5 Kg8 91. Kf6 Kh8 92. Ng5 Kg8 93. Nf7 Kf8 94. Bh7 Ke8 95. Ne5 Kd8 96. Ke6 Kc7 97. Nd7 Kc6 98.
Bd3 Kc7 99. Ke7 Kc6 100. Bc4 Kc7 101. Bd5 Kc8 102. Kd6 Kd8 103. Bf7 Kc8 104. Nc5 Kd8 105. Nb7+ Kc8 106. Kc6 Kb8 107. Kb6 Kc8 108. Be6+ Kb8 109. Nc5 Ka8 110. Bf5 Kb8 111. Na6+ Ka8 112. Be4# 1-0

[Event "*** Titled Tuesday Blitz"]
[Site "Chess.com"]
[Date "2020.02.04"]
[Round "8"]
[White "Anton_Demchenko"]
[Black "temus_galaktionov"]
[Result "1/2-1/2"]
[WhiteElo "2954"]
[BlackElo "2710"]
[TimeControl "180+2"]
[EndTime "14:57:53 PST"]
[Termination "Game drawn by repetition"]

1. e4 c6 2. Nf3 g6 3. d4 Bg7 4. c3 d6 5. Bd3 Nd7 6. O-O e5 7. Be3 Ngf6 8. Nbd2 O-O 9. a4 Ng4 10.
Bg5 f6 11. Bh4 h5 12. h3 Nh6 13. Nc4 Qe7 14. Bg3 Nb6 15. a5 Nxc4 16. Bxc4+ Be6 17. Qb3 Bxc4 18. Qxc4+ Nf7 19. a6 Kh7 20. Rfe1 Rfc8 21. axb7 Qxb7 22. Re2 Qb5 23. Nd2 Rc7 24. b3 a6 25. f4 Bh6 26. fxe5 fxe5 27. Rf1 Raa7 28.
Kh2 Bxd2 29. Rxd2 Qxc4 30. bxc4 a5 31. c5 dxc5 32. dxc5 Rcb7 33. Ra2 Ra6 34. Rf6 Re7 35.
Ra4 Kg7 36. Rf2 Rb7 37. Bh4 g5 38. Bg3 h4 39. Rxf7+ Kxf7 40. Bxe5 Ke6 41. Bd4 Rb1 42. Be3 Kf6 43. Bd4+ Kg6 44. Bf2 Rf1 45. Bd4 Ra8 46.
g3 Rb8 47. Kg2 Rf7 48. gxh4 gxh4 49. Rxa5 Rb2+ 50. Kg1 Re2 51. Ra6 Rc7 52. Kf1 Rxe4 53. Kg2 Kf5 54. Kf3 Re6 55. Ra8 Rh6 56. Rf8+ Ke6 57. Re8+ Re7 58. Rg8 Kd5 59. Rg5+ Kc4 60. Rg4 Kd3 61. Rf4 Rhh7 62. Kg4 Re4 63. Rxe4 Kxe4 64. Bf6 Rf7 65. Bd4 Rf4+ 66. Kg5 Kf3 67. Be5 Re4 68. Bd6 Kg2 69. Kf5 Rc4 70. Kg5 Kxh3 71.
Kf5 Kg2 72. Ke6 Rxc3 73. Kd7 h3 74. Kxc6 Rg3 75. Bxg3 Kxg3 76. Kd7 h2 77. c6 h1=Q 78.
c7 Qd5+ 79. Kc8 Qb5 80. Kd8 Qb6 81. Kd7 Qb7 82. Kd8 Qd5+ 83. Kc8 Kf4 84. Kb8 Qb5+ 85. Ka8 Qa5+ 86. Kb8 Qe5 87. Kb7 Qe7 88. Kb8 Qb4+ 89. Ka8 Qc5 90. Kb7 Qb5+ 91. Ka7 Qc6 92. Kb8 Qd6 93. Kb7 Qd7 94. Kb8 Qb5+ 95. Ka7 Qc5+ 96.
Kb7 Qd5+ 97. Kb8 Qe5 98. Kb7 Qe7 99. Kb8 Qd6 100. Kb7 Qd7 101. Kb8 Qb5+ 1/2-1/2

[Event "*** Titled Tuesday Blitz"]
[Site "Chess.com"]
[Date "2020.02.04"]
[Round "8"]
[White "djano"]
[Black "Sajkochess"]
[Result "1/2-1/2"]
[WhiteElo "2358"]
[BlackElo "2305"]
[TimeControl "180+2"]
[EndTime "14:59:58 PST"]
[Termination "Game drawn - insufficient material"]

1. Nc3 e5 2. Nf3 Nc6 3. e4 Nf6 4. g3 d5 5. exd5 Nxd5 6. Bg2 Nxc3 7. bxc3 Bc5 8. O-O O-O 9. Re1 Re8 10. d3 Bg4 11. Rb1 Rb8 12. h3 Bh5 13. Be3 Bb6 14. c4 Nd4 15. g4 Bg6 16. Nxd4 exd4 17. Bd2 c6 18. Rxe8+ Qxe8 19. Bf4 Rc8 20. c5 Bc7 21. Qf3 Bxf4 22. Qxf4 Qd7 23. Qd6 Rc7 24. Bxc6 Qxd6 25. cxd6 Rxc6 26. d7 Rd6 27. Rxb7 Kf8 28. f4 f5 29.
Rxa7 Ke7 30. d8=Q+ Kxd8 31. Rxg7 Rc6 32. gxf5 Bxf5 33. Rg5 Be6 34. f5 Bxa2 35. Rg4 Rd6 36. Kf2 Bb1 37. Rg8+ Ke7 38. Rg7+ Kf8 39. Rxh7 Bxc2 40.
Ke2 Bb3 41. Rb7 Bd5 42. Rc7 Bg2 43. h4 Bh3 44. Rc5 Kf7 45. Kf3 Kf6 46. Kf4 Bf1 47. Ke4 Be2 48. Rc4 Bg4 49. Rxd4 Bxf5+ 50. Ke3 Re6+ 51.
Kf4 Rb6 52. Rd8 Rb4+ 53. d4 Bg6 54. Rd6+ Kf7 55. Kg5 Rb5+ 56. d5 Be4 57. Rd7+ Ke8 58.
Rd6 Bxd5 59. Kf6 Bf3 60. Re6+ Kd7 61. Re7+ Kd6 62. Re6+ Kd7 63. Re7+ Kd8 64. Re5 Rb6+ 65. Re6 Rb4 66. Re3 Bg4 67. Kg5 Kd7 68. h5 Be6 69. h6 Ke7 70. h7 Rb8 71. Kg6 Rf8 72.
Kg7 Rf7+ 73. Kg6 Rf6+ 74. Kg7 Rf7+ 75. Kg6 Rf6+ 76. Kg5 Rf8 77. Kg6 Kd6 78. Kg7 Rf7+ 79. Kh6 Rf6+ 80. Kg7 Rf7+ 81. Kg6 Rf8 82. Rf3 Rb8 83. Kg7 Ke7 84. h8=Q Rxh8 85. Kxh8 Kd6 86. Kg7 Ke5 87. Re3+ Kd6 88. Kf6 Bc4 89. Re4 Kc5 90. Ke5 Kb4 91. Kd4 Bf7 92. Re7 Bg8 93. Rb7+ Ka3 94. Kc3 Ka2 95. Ra7+ Kb1 96. Re7 Bd5 97.
Re5 Bf7 98. Re2 Ka1 99. Rb2 Be6 100. Kc2 Bf5+ 101. Kb3 Be6+ 102. Ka3 Bf5 103. Rf2 Bb1 104. Kb3 Be4 105. Kc3 Bb1 106. Rf4 Bg6 107. Rb4 Ka2 108. Rb5 Ka1 109. Rb6 Bb1 110. Kb3 Ba2+ 111. Kc2 Bd5 112. Ra6+ Ba2 113. Rh6 Bd5 114. Rh5 Be4+ 115. Kb3 Bg6 116. Ra5+ Kb1 117. Rg5 Bc2+ 118. Kc3 Bh7 119. Rg2 Ka1 120. Rb2 Bf5 121. Rb6 Be4 122. Rb4 Bb1 123. Ra4+ Ba2 124. Rxa2+ Kxa2 1/2-1/2

[Event "*** Titled Tuesday Blitz"]
[Site "Chess.com"]
[Date "2020.02.04"]
[Round "9"]
[White "JozefKneht"]
[Black "czasnaszachy"]
[Result "1/2-1/2"]
[WhiteElo "2416"]
[BlackElo "2316"]
[TimeControl "180+2"]
[EndTime "15:01:50 PST"]
[Termination "Game drawn by agreement"]

1. d4 Nf6 2. Bf4 d5 3. e3 c5 4. c3 Nc6 5. Nd2 Qb6 6. Qb3 c4 7. Qc2 g6 8. e4 e6 9. Ngf3 Bg7 10.
Be2 O-O 11. O-O Nxe4 12. Nxe4 dxe4 13. Nd2 1/2-1/2

[Event "*** Titled Tuesday Blitz"]
[Site "Chess.com"]
[Date "2020.02.04"]
[Round "9"]
[White "vovachesss"]
[Black "Gabrielian_Artur"]
[Result "0-1"]
[WhiteElo "2567"]
[BlackElo "2763"]
[TimeControl "180+2"]
[EndTime "15:01:51 PST"]
[Termination "Gabrielian_Artur won by resignation"]

1. e4 c5 2. d4 cxd4 3. c3 Nf6 4. e5 Nd5 5. Nf3 d6 6. Bc4 Nb6 7. Bb3 Nc6 8. O-O dxe5 9. cxd4 exd4 10. Ng5 e6 11.
Qh5 g6 12. Qf3 Qe7 13. Bf4 Bg7 14. Bd6 Qxg5 0-1

[Event "*** Titled Tuesday Blitz"]
[Site "Chess.com"]
[Date "2020.02.04"]
[Round "9"]
[White "Manukyan_Artak"]
[Black "ehrenfeld"]
[Result "0-1"]
[WhiteElo "2327"]
[BlackElo "2474"]
[TimeControl "180+2"]
[EndTime "15:02:49 PST"]
[Termination "ehrenfeld won by resignation"]

1. e4 e5 2. Nf3 Nc6 3. d4 exd4 4. Nxd4 Bc5 5. Nxc6 bxc6 6. Bc4 Qh4 7. O-O Nf6 8.
Nc3 Ng4 9. h3 Nxf2 10. Rxf2 Qxf2+ 11. Kh2 O-O 12. e5 d5 13. Bd3 Bd4 14. Qh5 g6 15. Qh6 Bxe5+ 0-1

[Event "*** Titled Tuesday Blitz"]
[Site "Chess.com"]
[Date "2020.02.04"]
[Round "9"]
[White "CastleOasisChess"]
[Black "tteshan"]
[Result "1-0"]
[WhiteElo "2105"]
[BlackElo "2235"]
[TimeControl "180+2"]
[EndTime "15:04:16 PST"]
[Termination "CastleOasisChess won by resignation"]

1. d4 Nf6 2. e3 d5 3. Bd3 c6 4. Nd2 Bg4 5. f3 Bh5 6. Ne2 Bg6 7. Nf4 e6 8. Nxg6 hxg6 9. O-O Bd6 10. f4 Nbd7 11. Nf3 Ne4 12. c3 f5 13. Bxe4 dxe4 14. Ng5 Be7 15. Nxe6 Qb6 16. Nxg7+ Kf7 17. Nxf5 gxf5 18.
Qb3+ Qxb3 19. axb3 a6 20. b4 Rag8 21. g3 Rh3 22. b3 Rgh8 23. Rf2 Nb6 24. Raa2 Nd5 25.
Bd2 Nc7 26. Ra5 Kf6 27. Re5 b6 28. c4 Bd6 29. Bc3 Bxe5 30. dxe5+ Ke7 31. Rd2 Rd8 32. Rc2 Ne6 33. Kg2 b5 34. Kxh3 c5 35. cxb5 axb5 36. bxc5 Nxc5 37. Bb4 1-0

[Event "*** Titled Tuesday Blitz"]
[Site "Chess.com"]
[Date "2020.02.04"]
[Round "9"]
[White "Mikhail_Golubev"]
[Black "XiaoKangZhong"]
[Result "1-0"]
[WhiteElo "2529"]
[BlackElo "2356"]
[TimeControl "180+2"]
[EndTime "15:04:18 PST"]
[Termination "Mikhail_Golubev won by checkmate"]

1. e4 c6 2. d4 d5 3. Nc3 dxe4 4. Nxe4 Nf6 5. Nxf6+ exf6 6. c3 Bd6 7. Bd3 O-O 8. Ne2 Re8 9. Qc2 h5 10. Be3 Qc7 11.
O-O-O Nd7 12. h3 Nb6 13. c4 c5 14. g4 h4 15. d5 Nd7 16. g5 Ne5 17. gxf6 Nxd3+ 18. Qxd3 g6 19. Rhg1 Be5 20. Rxg6+ fxg6 21. Qxg6+ Kh8 22. Qxe8+ Kh7 23. Qh5+ Kg8 24. Rg1+ Kf8 25. Bh6+ Qg7 26. Bxg7+ Kg8 27. f7# 1-0

[Event "*** Titled Tuesday Blitz"]
[Site "Chess.com"]
[Date "2020.02.04"]
[Round "9"]
[White "MartinCerveny"]
[Black "djano"]
[Result "1-0"]
[WhiteElo "2564"]
[BlackElo "2351"]
[TimeControl "180+2"]
[EndTime "15:04:33 PST"]
[Termination "MartinCerveny won by checkmate"]

1. d4 Nf6 2. c4 c5 3. d5 g6 4. h4 h5 5. Nf3 d6 6. Ng5 Bg7 7. e3 b5 8. Nc3 b4 9. Ne2 Ng4 10.
Nf4 Nd7 11. f3 Ngf6 12. Bd3 Ne5 13. Be2 a5 14. O-O a4 15. Rb1 a3 16. b3 O-O 17. e4 Nh7 18. Nxh7 Kxh7 19. Be3 Bh6 20. Qd2 Rg8 21. g3 Qf8 22. Kf2 Qg7 23. Rh1 Qf6 24. Rbg1 e6 25. dxe6 Bxe6 26. Qxd6 Rgd8 27. Qxc5 Bxf4 28. gxf4 Nd3+ 29. Bxd3 Rxd3 30. Qe5 Qd8 31. f5 gxf5 32. Qg7# 1-0

[Event "*** Titled Tuesday Blitz"]
[Site "Chess.com"]
[Date "2020.02.04"]
[Round "9"]
[White "Shukh_Nikolay"]
[Black "Lagmantr"]
[Result "1-0"]
[WhiteElo "2561"]
[BlackElo "2719"]
[TimeControl "180+2"]
[EndTime "15:04:35 PST"]
[Termination "Shukh_Nikolay won by resignation"]

1. e4 b6 2. d4 Bb7 3. Nc3 e6 4. Bd3 c5 5. d5 Nf6 6. Nge2 exd5 7. exd5 Nxd5 8. Nxd5 Bxd5 9. O-O Be7 10. Nf4 Bb7 11. Qh5 g6 12. Nxg6 fxg6 13. Bxg6+ hxg6 14. Qxh8+ Kf7 15. Qh7+ Kf6 16. Re1 Nc6 17. h4 Kf5 18. Qf7+ Bf6 19. g4+ Kxg4 20. Qxg6+ Bg5 21. Re4+ 1-0

[Event "*** Titled Tuesday Blitz"]
[Site "Chess.com"]
[Date "2020.02.04"]
[Round "9"]
[White "Perecke"]
[Black "secretsuperstar7"]
[Result "1-0"]
[WhiteElo "2282"]
[BlackElo "2216"]
[TimeControl "180+2"]
[EndTime "15:04:53 PST"]
[Termination "Perecke won by resignation"]

1. e4 c5 2. Nf3 d6 3. d4 cxd4 4. Nxd4 Nf6 5. Nc3 Nc6 6. Bg5 e6 7. Qd2 a6 8. O-O-O Bd7 9. f4 Qc7 10. Nxc6 Bxc6 11. Bd3 b5 12. Rhe1 b4 13. Bxf6 gxf6 14.
Nd5 Qd8 15. Qxb4 Bd7 16. Qc3 Be7 17. Nc7+ Kf8 18. Nxa8 Qxa8 19. e5 d5 20. exf6 Bd6 21. f5 e5 22. Rxe5 Bxe5 23. Qxe5 Qb8 24. Qe7+ Kg8 25.
Qxd7 1-0

[Event "*** Titled Tuesday Blitz"]
[Site "Chess.com"]
[Date "2020.02.04"]
[Round "9"]
[White "arjwezhrtdrz"]
[Black "semchik73"]
[Result "1-0"]
[WhiteElo "2251"]
[BlackElo "2291"]
[TimeControl "180+2"]
[EndTime "15:04:57 PST"]
[Termination "arjwezhrtdrz won by resignation"]

1. e4 Nf6 2. Nc3 d5 3. exd5 Nxd5 4. Bc4 e6 5. Nf3 Be7 6. d4 c6 7. O-O O-O 8. Ne4 Nd7 9. c3 Qc7 10. Re1 N7f6 11. Ng3 b5 12. Bd3 Bb7 13. Ne5 a6 14. Qe2 c5 15. dxc5 Bxc5 16. Nh5 Nxh5 17. Qxh5 Nf6 18. Qh4 Bd6 19. Bg5 Ne4 20. Bxe4 Bxe4 21. Qxe4 f6 22. Nf3 fxg5 23. Nxg5 Bxh2+ 24. Kh1 g6 25. Nxe6 Qe7 26. Nxf8 1-0

[Event "*** Titled Tuesday Blitz"]
[Site "Chess.com"]
[Date "2020.02.04"]
[Round "9"]
[White "bait_or_mate"]
[Black "ural58"]
[Result "0-1"]
[WhiteElo "2518"]
[BlackElo "2391"]
[TimeControl "180+2"]
[EndTime "15:04:58 PST"]
[Termination "ural58 won by resignation"]

1. d4 d5 2. c4 e5 3. dxe5 d4 4. a3 Nc6 5. Nf3 g6 6. b4 Bg7 7.
Bb2 Nh6 8. Nxd4 Bxe5 9. e3 Nf5 10.
Nxc6 Qxd1+ 11. Kxd1 Bxb2 12. Ra2 Bf6 13. Na5 b6 14.
Nb3 Bb7 15. Rd2 O-O 16. Bd3 Nh4 17. f3 Nxf3 18. gxf3 Bxf3+ 19. Ke1 Bxh1 20. e4 Rfe8 21. Kf2 Bxe4 0-1

[Event "*** Titled Tuesday Blitz"]
[Site "Chess.com"]
[Date "2020.02.04"]
[Round "9"]
[White "Borsuk_Konstantin"]
[Black "wolfje95"]
[Result "1-0"]
[WhiteElo "2546"]
[BlackElo "2388"]
[TimeControl "180+2"]
[EndTime "15:04:59 PST"]
[Termination "Borsuk_Konstantin won by resignation"]

1. d4 d5 2. c4 e6 3. Nc3 c6 4. e3 Nf6 5. Qc2 Nbd7 6. Nf3 Bd6 7. Be2 dxc4 8. Bxc4 b5 9. Be2 Bb7 10. e4 e5 11.
dxe5 Nxe5 12. Nxe5 Bxe5 13. f4 Bxc3+ 14. bxc3 O-O 15.
O-O c5 16. e5 Nd5 17. Bxb5 Qa5 18. Bd3 h6 19. Bd2 c4 20. Be4 Rad8 21. Rae1 Bc6 22. f5 Ba4 23. Qc1 Kh7 24. f6+ g6 25. Bxd5 Rxd5 26.
Bxh6 Re8 27. Bg7 Kg8 28. Qh6 1-0

[Event "*** Titled Tuesday Blitz"]
[Site "Chess.com"]
[Date "2020.02.04"]
[Round "9"]
[White "Jahonas"]
[Black "saraswathii"]
[Result "0-1"]
[WhiteElo "2385"]
[BlackElo "2237"]
[TimeControl "180+2"]
[EndTime "15:05:04 PST"]
[Termination "saraswathii won by resignation"]

1. d4 d5 2. Nf3 Bf5 3. c3 c6 4. Qb3 Qb6 5. Bf4 Nd7 6. Nbd2 e6 7. e3 Ngf6 8. Be2 Be7 9. O-O O-O 10. a4 Ne4 11. a5 Qxb3 12. Nxb3 c5 13. Nbd2 cxd4 14. exd4 Rfc8 15. Nxe4 Bxe4 16. Ne5 Nxe5 17. Bxe5 f6 18. Bf4 Kf7 19. a6 b6 20. Bb5 g5 21.
Bd2 e5 22. f3 Bg6 23. Be3 Rc7 24. Rfe1 Ke6 25. dxe5 fxe5 26. f4 gxf4 27. Bxf4 Bd6 28. Rxe5+ Bxe5 29. Re1 Be4 0-1

[Event "*** Titled Tuesday Blitz"]
[Site "Chess.com"]
[Date "2020.02.04"]
[Round "9"]
[White "karinachess1"]
[Black "AndrewDGreen"]
[Result "1-0"]
[WhiteElo "2494"]
[BlackElo "2259"]
[TimeControl "180+2"]
[EndTime "15:05:05 PST"]
[Termination "karinachess1 won by resignation"]

1. Nf3 c5 2. c4 g6 3. d4 cxd4 4. Nxd4 Nc6 5. Nc2 Bg7 6. e4 Nf6 7. Nc3 O-O 8. Be2 d6 9. O-O Nd7 10. Bd2 a5 11. Re1 Nc5 12. Bf1 a4 13. Rc1 f5 14. exf5 Bxf5 15. Be3 b6 16. Qd5+ e6 17. Qxc6 Rc8 18. Qb5 Bxc3 19. bxc3 Bxc2 20. Rxc2 Rf5 21. Qb1 Rh5 22. Be2 1-0

[Event "*** Titled Tuesday Blitz"]
[Site "Chess.com"]
[Date "2020.02.04"]
[Round "9"]
[White "pawnwonder"]
[Black "Hadza_3"]
[Result "0-1"]
[WhiteElo "2157"]
[BlackElo "2403"]
[TimeControl "180+2"]
[EndTime "15:05:24 PST"]
[Termination "Hadza_3 won on time"]

1. e4 e5 2. Nf3 Nc6 3. Bb5 g6 4. O-O Bg7 5. c3 d6 6. d4 Bd7 7. d5 Nb8 8. Bxd7+ Nxd7 9. c4 Ne7 10. Nc3 O-O 11. Be3 h6 12. Ne1 f5 13. f3 Kh7 14.
Nd3 Rf7 15. Rc1 Qf8 16. b4 h5 17. c5 a6 18. cxd6 cxd6 19. Qd2 Ng8 20. b5 Bh6 21.
Bxh6 Nxh6 0-1

[Event "*** Titled Tuesday Blitz"]
[Site "Chess.com"]
[Date "2020.02.04"]
[Round "9"]
[White "AleksanderHnydiuk"]
[Black "GMHess"]
[Result "0-1"]
[WhiteElo "2555"]
[BlackElo "2740"]
[TimeControl "180+2"]
[EndTime "15:05:56 PST"]
[Termination "GMHess won by resignation"]

1. Nf3 g6 2. c4 Bg7 3. d4 b6 4.
g3 Bb7 5. Bg2 e6 6. O-O Ne7 7.
Nc3 d6 8. e4 Nd7 9. Be3 h6 10.
d5 Bxc3 11. bxc3 e5 12. Ne1 g5 13. Nd3 Ng6 14. Bh3 Nf6 15. Bf5 Ne7 16. f4 gxf4 17.
gxf4 Rg8+ 18. Kh1 Nxf5 19. exf5 Nxd5 20. cxd5 Bxd5+ 21. Rf3 Qh4 22. Nb4 Qh3 0-1